 Dungeon Crawl Stone Soup version 0.30-a0-137-gd8773701ce (webtiles) character file.

Game seed: 15163035036797250929

67 freelancePsychic the Trooper (level 3, 0/28 HPs)
             Began as a Demonspawn Warper on Sept 21, 2022.
             Slain by a gnoll
             ... wielding a +0 whip
              (5 damage)
             ... on level 1 of the Dungeon.
             The game lasted 00:03:03 (1918 turns).

freelancePsychic the Trooper (Demonspawn Warper)    Turns: 1918, Time: 00:03:04

Health: 0/28       AC:  3    Str: 11    XL:     3   Next: 98%
Magic:  6/6        EV: 11    Int: 16    God:
Gold:   65         SH:  3    Dex: 12    Spells: 6/6 levels left

rFire   . . .      SeeInvis .    a - +1 dagger (venom)
rCold   . . .      Faith    .    l - +0 buckler
rNeg    . . .      Spirit   .    b - +0 leather armour
rPois   .          Reflect  .    (no helmet)
rElec   .          Harm     .    (no cloak)
rCorr   .          Rampage  .    (no gloves)
Will    .....                    (no boots)
Stlth   +.........               (no amulet)
HPRegen 0.09/turn                (no ring)
MPRegen 0.20/turn                (no ring)

@: flying
A: ignite blood 1, magic regeneration
a: no special abilities


You were on level 1 of the Dungeon.
You visited 1 branch of the dungeon, and saw 2 of its levels.

You collected 65 gold pieces.

Inventory:

Hand Weapons
 a - a +1 dagger of venom (weapon)
 h - a +0 falchion
Armour
 b - a +0 leather armour (worn)
 l - a +0 buckler (worn)
Scrolls
 c - 2 scrolls of blinking
 e - a scroll of enchant armour {unknown}
 f - 3 scrolls of immolation {unknown}
 g - a scroll of torment {unknown}
 j - 2 scrolls of teleportation {unknown}
 k - 2 scrolls of identify {unknown}
 m - a scroll of magic mapping {unknown}
 o - a scroll of poison {unknown}
 p - a scroll of amnesia {unknown}
 q - a scroll of noise {unknown}
 r - a scroll of silence {unknown}
Potions
 i - a potion of flight
 n - a potion of might {unknown}


   Skills:
 + Level 2.8 Fighting
 * Level 2.0(2.5) Short Blades
 - Level 2.1(2.5) Long Blades
 - Level 0.8 Throwing
 - Level 0.8 Armour
 - Level 1.7 Dodging
 + Level 1.0 Shields
 - Level 2.0 Spellcasting
 - Level 2.6 Translocations


You had 6 spell levels left.
You didn't know any spells.
Your spell library contained the following spells:

 Spells                   Type           Power      Damage    Failure   Level
 Blink                    Tloc           20%        N/A       19%         2
 Sandblast                Erth           2%         2d4       36%         1
 Gell's Gravitas          Tloc           10%        N/A       36%         3
 Lesser Beckoning         Tloc           10%        N/A       36%         3
 Teleport Other           Tloc           10%        N/A       36%         3
 Passwall                 Tmut/Erth      0%         N/A       50%         2
 Stone Arrow              Conj/Erth      2%         3d7       73%         3
 Manifold Assault         Tloc           10%        N/A       77%         4


Dungeon Overview and Level Annotations

Branches:
Dungeon (2/15)

Altars:


Innate Abilities, Weirdness & Mutations

Your demonic aura sometimes causes spilled blood to erupt in flames.
You regenerate magic rapidly.


Message History

You kill the gnoll!
Your Short Blades skill increases to level 2!
Your Shields skill increases to level 1!
There is a stone staircase leading up, spattered with blood here.
You climb upwards.
There is a stone staircase leading down here.
You start resting.
HP restored.
You climb downwards.
The gnoll hits you with a +0 whip!
There is a stone staircase leading up, spattered with blood here.
The gnoll hits you with a +0 whip.
You climb upwards.
There is a stone staircase leading down here.
You are too injured to fight recklessly!
You hit the gnoll but do no damage.
The gnoll is poisoned.
The gnoll barely misses you.
You hit the gnoll.
The gnoll is lightly wounded.
The gnoll hits you with a +0 whip.
You closely miss the gnoll.
The gnoll is lightly wounded.
The gnoll closely misses you.
You closely miss the gnoll.
The gnoll is lightly wounded.
You block the gnoll's attack.
You hit the gnoll but do no damage.
The gnoll looks as sick as possible!
The gnoll is lightly wounded.
The gnoll barely misses you.
You barely miss the gnoll.
The gnoll is moderately wounded.
The gnoll hits you with a +0 whip.
You closely miss the gnoll.
The gnoll is heavily wounded.
The gnoll hits you with a +0 whip!
* * * LOW HITPOINT WARNING * * *
The gnoll attacks as you move away! The gnoll barely misses you.
It was a potion of flight.
You feel very buoyant.
You fly up into the air.
The gnoll hits you with a +0 whip.
You die...

#.........#...#.....## ##........
######.#.....#.#.....###.........
#......#...#......#.........
####.#####.....#####.#.........
#.....#...........#..#.........
#......#.........#..##.........
#......#....<....#.............
#.....#...........#..#.......).
####.#####....@#####.#.........
#......#...#g....)#.........
###.##..#.#....####.........
#......#..#.>## #.........
####......##..# #.(>......
##.####.###.###.#......# ##..#
#.###..##.##.##### #...#
#..###.##.#..# #..## ##.#
#.#..#.##


You could see a gnoll (very poisoned).

Vanquished Creatures
  A gnoll (D:2)
  3 adders
  A worm (D:2)
  A dart slug (D:2)
  2 ball pythons
  2 bats (D:1)
  2 endoplasms (D:2)
  A giant cockroach (D:2)
  4 goblins
  A hobgoblin (D:2)
  A quokka (D:1)
  A frilled lizard (D:1)
  4 kobolds (D:1)
  3 rats
27 creatures vanquished.

Notes
Turn   | Place    | Note
-------+----------+-------------------------------------------
     0 | D:1      | freelancePsychic the Demonspawn Warper began the quest for
                  | the Orb.
     0 | D:1      | Reached XP level 1. HP: 16/16 MP: 3/3
   454 | D:1      | Gained mutation: Your demonic aura sometimes causes spilled
                  | blood to erupt in flames. [demonic ancestry]
   454 | D:1      | Reached XP level 2. HP: 22/22 MP: 5/5
   749 | D:2      | Reached skill level 1 in Short Blades
   987 | D:1      | Gained mutation: You regenerate magic rapidly. [demonic
                  | ancestry]
   987 | D:1      | Reached XP level 3. HP: 27/28 MP: 6/6
  1877 | D:2      | Reached skill level 1 in Shields
  1918 | D:1      | Slain by a gnoll

Illustrated notes

Levels and vault maps discovered:
D:1:      scummos_arrival_star, layout_rooms, minmay_crystal_water
D:2:      layout_basic, minmay_pentomino_x4

Skill      XL: |  1  2  3 |
---------------+----------+-----
Long Blades    | 2 |  2.1
Short Blades   | 1 2 |  2.0
Shields        | 1 |  1.0
Fighting       | |  2.8
Throwing       | |  0.8
Armour         | |  0.8
Dodging        | |  1.7
Spellcasting   | |  2.0
Translocations | |  2.6

Action                   || total
-------------------------++-------
Melee: Falchion          ||    10
       Dagger            ||    83
Throw: Boomerang         ||     7
  Use: Potion            ||     1
Armor: Leather armour    ||    17
Dodge: Dodged            ||    44
Block: Buckler           ||     8

Table legend: (Time is in decaauts)
 A = Elapsed time spent in this place.
 B = Non-inter-level travel time spent in this place.
 C = Inter-level travel time spent in this place.
 D = Time resting spent in this place.
 E = Time spent auto-exploring this place.
 F = Levels seen in this place.
 G = Mean time per level.
                   A        B        C        D        E       F      G
               +--------+--------+--------+--------+--------+-----+--------+
         Total |   1922 |   1902 |     20 |    683 |    937 |   2 |  961.0 |
       Dungeon |   1922 |   1902 |     20 |    683 |    937 |   2 |  961.0 |
               +--------+--------+--------+--------+--------+-----+--------+

Top non-repeatable levels by time:
     D:1: 1460 daAuts
     D:2: 461 daAuts
